 Dungeon Crawl Stone Soup version 0.30-a0-634-g8abc85282e (webtiles) character file.

Game seed: 4673745284262497633

327578 Lobster4 the Merry Minotaur (level 20, -5/283 HPs)
             Began as a Minotaur Hunter on Jan 10, 2023.
             Was the Champion of Hepliaklqana.
             Slain by a wolf spider (16 damage)
             ... on level 15 of the Dungeon on Jan 14, 2023.
             The game lasted 02:10:24 (43184 turns).

Lobster4 the Merry Minotaur (Minotaur Hunter)      Turns: 43184, Time: 02:10:25

Health: -5/283     AC: 21    Str: 23    XL:     20   Next: 78%
Magic:  22/22      EV: 19    Int:  6    God:    Hepliaklqana [******]
Gold:   1992       SH:  5    Dex: 24    Spells: 19/19 levels left

rFire   + . .      SeeInvis +    m - +10 short sword of Defence by Offence {vamp, rElec}
rCold   . . .      Faith    .    (no shield)
rNeg    . . .      Spirit   .    b - +0 swamp dragon scales of Ucriewk {rElec rPois rF+ Regen+ SInv}
rPois   +          Reflect  +    (helmet restricted)
rElec   +          Harm     .    I - +1 cloak
rCorr   .          Rampage  .    t - +2 pair of gloves {Dex+3}
Will    ++...                    e - +1 pair of boots Stlth
                                 c - amulet "Veof" {Reflect Str+5 SH+5 SInv}
HPRegen 1.47/turn                h - +4 ring of slaying
MPRegen 0.18/turn                K - ring of willpower

@: berserking, lethally poisoned (-5 -> -15), studying Air Magic, very quick
A: reduced essence, horns 2, retaliatory headbutt
}: 2/15 runes: serpentine, barnacled
a: Renounce Religion, Recall Ancestor, Ancestor Identity, Transference, Idealise


You were on level 15 of the Dungeon.
You worshipped Hepliaklqana.
Hepliaklqana was exalted by your worship.
You visited 7 branches of the dungeon, and saw 35 of its levels.
You also visited: Ice Cave.

You collected 4267 gold pieces.
You spent 2275 gold pieces at shops.

Inventory:

Hand Weapons
 a - the +5 longbow of Tepriym {flame, +Blink rCorr SInv Stlth+}
   (You bought it in a shop on level 2 of the Orcish Mines)

   SInv:      It lets you see invisible.
   +Blink:    It lets you blink.
   rCorr:     It protects you from acid and corrosion.
   Stlth:     It makes you more stealthy.
 m - the +10 short sword of Defence by Offence (weapon) {vamp, rElec}
   (You found it on level 4 of the Shoals)

   rElec:     It insulates you from electricity.
 p - a +7 longbow of freezing
 y - the +6 shortbow "Ruteih Daan" {speed, Str+4 Stlth+}
   (You found it on level 2 of the Snake Pit)

   Str:       It affects your strength (+4).
   Stlth:     It makes you more stealthy.
 W - the +11 trident of Slime {drain, +Blink rN+ Str+3 Stlth-}
   (You found it on level 9 of the Dungeon)

   Str:       It affects your strength (+3).
   rN:        It protects you from negative energy.
   +Blink:    It lets you blink.
   Stlth:     It makes you less stealthy.
 X - the +10 rapier "Undertaker" {venom, Dex+2}
   (You took it off a vault sentinel on level 4 of the Vaults)

   Dex:       It affects your dexterity (+2).
Armour
 b - the +0 swamp dragon scales of Ucriewk (worn) {rElec rPois rF+ Regen+ SInv}
   (You bought it in a shop on level 3 of the Vaults)

   rF:        It protects you from fire.
   rElec:     It insulates you from electricity.
   rPois:     It protects you from poison.
   SInv:      It lets you see invisible.
   Regen:     It increases your rate of health regeneration.
 e - a +1 pair of boots (worn)
 t - a +2 pair of gloves of dexterity (worn)
 B - a +2 scale mail of fire resistance
 F - +0 storm dragon scales
 I - a +1 cloak (worn)
Jewellery
 c - the amulet "Veof" (around neck) {Reflect Str+5 SH+5 SInv}
   (You acquired it on level 8 of the Dungeon)

   [amulet of reflection]

   It reflects blocked missile attacks.
   Str:       It affects your strength (+5).
   SInv:      It lets you see invisible.
   SH:        It affects your SH (+5).
 g - a ring of flight
 h - a +4 ring of slaying (left hand)
 z - a ring of protection from cold
 D - a +5 ring of evasion
 J - a ring of positive energy
 K - a ring of willpower (right hand)
 U - a +4 ring of protection
 V - a ring of see invisible
Wands
 q - a wand of mindburst (8)
 v - a wand of iceblast (52)
 O - a wand of light (12)
 Q - a wand of digging (8)
Scrolls
 i - 5 scrolls of enchant weapon
 l - a scroll of blinking
 n - a scroll of summoning
 u - 3 scrolls of poison
 w - 3 scrolls of immolation
 A - a scroll of enchant armour
 C - 11 scrolls of teleportation
 E - a scroll of fear
 N - 10 scrolls of magic mapping
 R - 2 scrolls of silence
 S - 4 scrolls of fog
Potions
 d - 2 potions of cancellation
 f - 4 potions of heal wounds
 j - 8 potions of brilliance
 o - 2 potions of lignification
 r - a potion of flight
 s - 4 potions of ambrosia
 G - 3 potions of magic
 H - a potion of resistance
 M - 5 potions of haste
 P - 16 potions of curing
 T - 12 potions of might
 Y - 4 potions of invisibility
 Z - 3 potions of berserk rage
Miscellaneous
 k - a phantom mirror
 x - a condenser vane


   Skills:
 + Level 25.0 Fighting
 - Level 2.0 Polearms
 O Level 27 Ranged Weapons
 + Level 17.1 Armour
 - Level 10.0 Dodging
 - Level 1.0 Stealth
 - Level 5.0 Invocations
 - Level 5.0 Evocations


You had 19 spell levels left.
You didn't know any spells.
Your spell library contained the following spells:

 Spells                   Type           Power      Damage    Failure   Level
 Apportation              Tloc           0%         N/A       54%         1
 Beastly Appendage        Tmut           0%         N/A       54%         1
 Shock                    Conj/Air       0%         1d3       54%         1
 Slow                     Hex            0%         N/A       54%         1
 Sting                    Tmut/Pois      0%         1d3       54%         1
 Blink                    Tloc           0%         N/A       69%         2
 Cigotuvi's Dreadful Rot  Necr/Pois/Air  0%         N/A       69%         2
 Momentum Strike          Conj/Tloc      0%         3d8       69%         2
 Poisonous Vapours        Pois/Air       0%         N/A       69%         2
 Wereblood                Tmut           0%         N/A       69%         2
 Confusing Touch          Hex            0%         N/A       89%         3
 Frozen Ramparts          Ice            0%         1d1       89%         3
 Gell's Gravitas          Tloc           0%         N/A       89%         3
 Hailstorm                Conj/Ice       0%         3d3       89%         3
 Lesser Beckoning         Tloc           0%         N/A       89%         3
 Ozocubu's Armour         Ice            0%         N/A       89%         3
 Spider Form              Tmut/Pois      0%         N/A       89%         3
 Summon Guardian Golem    Hex/Summ       0%         N/A       89%         3
 Swiftness                Air            0%         N/A       89%         3
 Teleport Other           Tloc           0%         N/A       89%         3
 Vampiric Draining        Necr           0%         2d6       89%         3
 Airstrike                Air            0%         2d(0-16)  100%        4
 Dispel Undead            Necr           0%         3d6       100%        4
 Ice Form                 Ice/Tmut       0%         N/A       100%        4
 Olgreb's Toxic Radiance  Pois           0%         N/A       100%        4
 Passage of Golubria      Tloc           0%         N/A       100%        4
 Petrify                  Tmut/Erth      0%         N/A       100%        4
 Summon Ice Beast         Ice/Summ       0%         N/A       100%        4
 Summon Lightning Spire   Summ/Air       0%         N/A       100%        4
 Alistair's Intoxication  Tmut/Pois      0%         N/A       100%        5
 Freezing Cloud           Conj/Ice/Air   0%         6-21      100%        5
 Lightning Bolt           Conj/Air       0%         1d11      100%        5
 Metabolic Englaciation   Hex/Ice        0%         N/A       100%        5
 Silence                  Hex/Air        0%         N/A       100%        5
 Summon Mana Viper        Hex/Summ       0%         N/A       100%        5
 Death Channel            Necr           0%         N/A       100%        6
 Dispersal                Tloc           0%         N/A       100%        6
 Simulacrum               Ice/Necr       0%         N/A       100%        6
 Statue Form              Tmut/Erth      0%         N/A       100%        6
 Monstrous Menagerie      Summ           0%         N/A       100%        7
 Orb of Destruction       Conj           0%         9d5       100%        7
 Spellforged Servitor     Conj/Summ      0%         N/A       100%        7
 Lehudib's Crystal Spear  Conj/Erth      0%         10d2      100%        8
 Polar Vortex             Ice            0%         N/A       100%        9


Dungeon Overview and Level Annotations

Branches:
Dungeon (15/15)            Temple (1/1) D:4            Lair (5/5) D:9
 Shoals (4/4) Lair:2        Snake (4/4) Lair:3        Slime (0/5) Lair:4
    Orc (2/2) D:10            Elf (0/3) Orc:2        Vaults (4/5) D:13
  Crypt (0/3) Vaults:3     Depths (0/4) D:15          IceCv (visited)

Altars:
Ashenzari
Cheibriados
Dithmenos
Elyvilon
Fedhas
Gozag
Hepliaklqana
Kikubaaqudgha
Makhleb
Nemelex Xobeh
Okawaru
Qazlal
Ru
Sif Muna
Trog
Uskayaw
Vehumet
Wu Jian
Xom
Yredelemnul
Zin
The Shining One
Jiyva

Shops:
D:6 *   D:11 [   D:12 (   Orc:2 !([=(   Shoals:1 *   Shoals:3 *=   Shoals:4 *
Vaults:3 ([(   Vaults:4 (*![

Annotations:
D:15 1 transporter, Huashrat's ghost, adept FoFi
Vaults:2 3 runed translucent doors, pigah's ghost, adept OpWn


Innate Abilities, Weirdness & Mutations

Your life essence is reduced to manifest your ancestor. (-10% HP)
You have a pair of horns on your head.
You reflexively headbutt those who attack you in melee.


Message History

Really attack while wielding the +5 longbow of Tepriym {flame, +Blink rCorr SInv Stlth+}? [Y]es or [N]o only, please.
Really attack while wielding the +5 longbow of Tepriym {flame, +Blink rCorr SInv Stlth+}?
Okay, then.
You are too berserk!
Unknown command.
The +5 longbow of Tepriym {flame, +Blink rCorr SInv Stlth+} stops flaming.
You feel a sense of dread.
m - the +10 short sword of Defence by Offence (weapon)
{vamp, rElec} You feel very sick.
The wolf spider hits you! The wolf spider bites you!
The moth of wrath bites you.
You hit the four-headed hydra.
You feel better.
The four-headed hydra is almost dead.
You feel very sick.
The wolf spider completely misses you. x2; The four-headed hydra misses you.
The four-headed hydra bites you but does no damage.
The four-headed hydra bites you! The four-headed hydra bites you!!
* * * LOW HITPOINT WARNING * * *
Huashrat's ghost hits you!!
* * * LOW HITPOINT WARNING * * *
The wolf spider hits you!!
* * * LOW HITPOINT WARNING * * *
The wolf spider bites you but does no damage.
You are too berserk!
You impale the four-headed hydra!!
You feel better.
You kill the four-headed hydra!
You feel very sick.
The moth of wrath bites you but does no damage.
The wolf spider barely misses you. The wolf spider bites you.
* * * LOW HITPOINT WARNING * * *
Huashrat's ghost hits you!
* * * LOW HITPOINT WARNING * * *
You barely miss the moth of wrath.
The moth of wrath is severely wounded.
* * * LOW HITPOINT WARNING * * *
You feel very sick.
The wolf spider hits you but does no damage.
The wolf spider bites you!
You die...

######### ###..(....###
##...#####...#
#..###...###.#
#.##......©#.#
#.#..#.#...#.##
#.#..#.#...#..#
#.##/....#.##.#
##..#!.#@y.#.#.#
#..©#![Ws#...#.#
###...#!#.y...##.##
#######....##)#...#y#©..#
........##.# .#.##..##..#
#######.#..# .. #...#..#
# #.#..##..#...)##..# ##
#.#...#......##...#
.######..?..##.#####....#


You could see a wolf spider (berserk), 2 moths of wrath and Huashrat's ghost.

Vanquished Creatures
  Mara (Vaults:2)
  Bai Suzhen (Vaults:2)
  Saint Roka (Snake:2)
  Frances (D:14)
  A sphinx (Vaults:4)
  The ghost of purpskrrrp the Phalangite, an adept MfGl of Hepliaklqana (Shoals:4)
  Agnes (D:14)
  Donald (Snake:1)
  A rockslime (IceCv)
  A revenant (Vaults:3)
  2 fire giants (Vaults:4)
  A storm dragon (D:11)
  3 azure jellies (IceCv)
  3 nagarajas
  7 vault wardens
  A war gargoyle (Vaults:3)
  An orc warlord (Vaults:1)
  6 ironbound preservers
  6 very ugly things
  4 quicksilver oozes (IceCv)
  7 ironbound thunderhulks
  3 dire elephants (Vaults:1)
  Snorg (D:14)
  A fire dragon (D:15)
  3 great orbs of eyes (Vaults:3)
  4 merfolk javelineers
  2 merfolk impalers
  2 entropy weavers
  4 yaktaur captains
  10 vault guards
  5 hydras
  An ice dragon (D:14)
  3 alligator snapping turtles
  2 ironbound frosthearts (Vaults:3)
  5 salamander tyrants (Snake:4)
  6 two-headed ogres
  4 anacondas
  9 centaur warriors
  5 merfolk aquamancers (Shoals:4)
  7 naga warriors
  A death knight (D:15)
  A merfolk avatar (Shoals:3)
  A vampire mage (D:15)
  4 boulder beetles
  An orc high priest (Orc:2)
  7 naga sharpshooters
  A shock serpent (Snake:4)
  A sun demon (D:15)
  Sonja (Lair:2)
  A fire crab (Lair:5)
  A soul eater (D:15)
  Amaemon (Lair:3)
  2 skeletal warriors
  2 sixfirhies (D:15)
  20 deep trolls
  4 salamander mystics
  7 sea snakes
  Lodul (D:14)
  An obsidian statue (Shoals:4)
  A swamp dragon (Lair:5)
  2 orange crystal statues (IceCv)
  A phantasmal warrior (Vaults:3)
  4 naga ritualists
  9 wizards
  16 ironbound convokers
  A steelbarb worm (shapeshifter) (Vaults:4)
  15 harpies
  32 ugly things
  4 deep elf pyromancers
  11 orc knights
  2 lindwurms
  2 necromancers
  An oklob plant (Lair:4)
  12 mana vipers
  5 orc sorcerers
  7 cyclopes
  7 fauns
  20 manticores
  A fire giant zombie (Vaults:1)
  9 merfolk sirens
  2 frost giant skeletons (D:15)
  10 vault sentinels
  9 salamanders
  24 black mambas
  Joseph (Lair:1)
  10 naga magi
  A rust devil (D:15)
  3 smoke demons (D:15)
  6 water nymphs
  A guardian serpent (Snake:4)
  A gargoyle (D:12)
  2 orange demons
  A kobold demonologist (D:9)
  An unseen horror (D:10)
  3 rime drakes
  11 cane toads
  4 freezing wraiths
  3 efreet
  15 yaktaurs
  10 komodo dragons
  A komodo dragon (shapeshifter) (D:14)
  A yaktaur zombie (Vaults:1)
  A tengu conjurer (D:11)
  A red devil (D:15)
  3 hellwings (D:15)
  5 saltlings (Orc:2)
  9 polar bears
  19 merfolk
  A hornet (D:11)
  9 trolls
  3 wind drakes
  A wolf spider simulacrum (D:15)
  An ettin zombie (D:15)
  A deep troll zombie (Vaults:1)
  12 dream sheep
  21 blink frogs
  4 snapping turtles
  A tarantella (Vaults:2)
  2 raiju (Lair:5)
  A spriggan (shapeshifter) (D:15)
  A centaur simulacrum (D:15)
  2 shadows
  50 slime creatures
  47 yaks
  2 vampires
  6 water elementals
  A ynoxinul (D:15)
  6 wyverns
  A steam dragon (Lair:1)
  9 basilisks
  3 fire elementals (D:12)
  A neqoxec (D:15)
  3 redbacks
  A wraith (D:15)
  2 chaos spawn (D:15)
  2 vampire mosquitoes (D:13)
  2 glowing shapeshifter zombies
  7 wargs
  37 nagas
  3 acid dragons
  6 water moccasins
  14 hell hounds
  3 swamp drakes
  22 orc warriors
  2 sky beasts
  10 black bears (Lair:5)
  An orc zombie (Vaults:1)
  10 ogres
  7 ice beasts (Lair:2)
  5 great orb of eyes simulacra (IceCv)
  17 wolves
  4 boggarts (Vaults:1)
  4 centaurs
  3 kobold brigands
  8 slime creature simulacra (IceCv)
  9 bullfrogs
  2 necrophages
  2 gnoll sergeants
  4 glowing shapeshifter simulacra (IceCv)
  6 wights
  13 killer bees
  11 howler monkeys
  2 electric eels (Lair:1)
  5 gnoll boudas
  A jelly (D:4)
  6 hounds
  14 orc priests
  9 iguanas
  Terence (D:3)
  17 orc wizards
  A hell rat (Lair:5)
  31 gnolls
  6 adders
  A shadow imp (D:7)
  3 white imps
  4 ufetubi
  2 worms
  3 dart slugs
  71 orcs
  12 endoplasms
  2 giant cockroaches (D:2)
  12 goblins
  11 hobgoblins
  3 jackals (D:2)
  10 kobolds
  5 quokkas
  6 ball pythons
  7 bats
  3 frilled lizards
  A goblin zombie (D:6)
  A jackal skeleton (D:6)
  A kobold zombie (D:6)
  4 rats
1167 creatures vanquished.

Vanquished Creatures (collateral kills)
  A tengu reaver (Vaults:4)
  2 nagarajas
  Aizul (Snake:1)
  A vault warden (Vaults:2)
  5 ironbound preservers
  A stone giant (Vaults:3)
  A very ugly thing (Vaults:4)
  A quicksilver ooze (IceCv)
  2 ironbound thunderhulks
  Azrael (D:12)
  An ettin (Vaults:2)
  A merfolk javelineer (Shoals:4)
  A fire dragon (Lair:5)
  A merfolk impaler (Shoals:4)
  2 yaktaur captains
  2 vault guards (Vaults:2)
  An alligator snapping turtle (Shoals:4)
  2 centaur warriors (D:13)
  2 ironbound frosthearts
  An anaconda (Snake:2)
  A two-headed ogre (D:9)
  2 naga warriors
  2 merfolk aquamancers
  Urug (Lair:1)
  A soul eater (D:15)
  A naga sharpshooter (Snake:4)
  Nergalle (Lair:3)
  A skeletal warrior (D:15)
  3 sea snakes
  7 deep trolls
  2 naga ritualists
  3 orc knights
  A necromancer (Vaults:1)
  3 harpies
  A deep elf pyromancer (D:15)
  4 ironbound convokers
  A salamander (Snake:2)
  10 ugly things
  2 manticores
  2 cyclopes
  2 merfolk sirens
  8 black mambas
  A guardian serpent (Snake:3)
  16 slime creatures
  A rust devil (D:15)
  A water nymph (Shoals:2)
  An ice statue (Lair:2)
  A cane toad (Lair:1)
  A gargoyle (D:14)
  4 freezing wraiths
  7 yaktaurs
  2 rime drakes (Lair:5)
  2 komodo dragons
  5 merfolk
  A troll (Orc:2)
  3 wind drakes (Shoals:4)
  3 polar bears (Lair:5)
  5 snapping turtles
  A dream sheep (Lair:4)
  A ynoxinul (D:15)
  A wraith (D:15)
  4 water elementals
  19 yaks
  A human (D:6)
  A basilisk (Lair:5)
  A vampire mosquito (D:13)
  Menkaure (D:7)
  A warg (Lair:5)
  4 nagas
  2 hell hounds (Lair:5)
  4 water moccasins
  2 orc warriors
  6 ice beasts
  2 ogres (D:14)
  2 black bears
  2 wolves
  A human zombie (Vaults:1)
  A bullfrog (Lair:4)
  A gnoll sergeant (D:9)
  3 wights (D:9)
  3 howler monkeys
  An electric eel (D:12)
  A jelly (D:6)
  A hound (D:6)
  6 orc priests
  Crazy Yiuf (D:7)
  3 orc wizards
  8 gnolls
  A white imp (D:7)
  7 orcs
  3 goblins (D:6)
  5 kobolds
244 creatures vanquished.

Vanquished Creatures (others)
  A yaktaur captain (Vaults:4)
  3 centaur warriors
  An ugly thing (D:15)
  2 yaktaurs
  A slime creature (Vaults:1)
  18 knights
  2 ancestors (D:7)
  An orc (Orc:2)
  4 demonic plants (D:15)
  24 fungi
  93 plants
  29 withered plants
179 creatures vanquished.

Grand Total: 1590 creatures vanquished

Notes
Turn   | Place    | Note
-------+----------+-------------------------------------------
     0 | D:1      | Lobster4 the Minotaur Hunter began the quest for the Orb.
     0 | D:1      | Reached XP level 1. HP: 18/18 MP: 0/0
   127 | D:1      | Reached skill level 1 in Stealth
   130 | D:1      | Found a faded altar of an unknown god.
   137 | D:1      | Reached XP level 2. HP: 25/25 MP: 1/1
   145 | D:1      | Reached skill level 1 in Armour
   538 | D:2      | Reached XP level 3. HP: 31/31 MP: 2/2
   870 | D:2      | Reached XP level 4. HP: 38/38 MP: 3/3
  1239 | D:2      | Reached skill level 5 in Ranged Weapons
  1992 | D:3      | Found a sparkling altar of Nemelex Xobeh.
  2225 | D:3      | Found a sacrificial altar of Ru.
  2228 | D:3      | Noticed Terence
  2243 | D:3      | Killed Terence
  2244 | D:3      | Reached XP level 5. HP: 41/46 MP: 4/4
  2846 | D:3      | Found a shimmering blue altar of Sif Muna.
  3248 | D:4      | Reached skill level 1 in Polearms
  3446 | D:4      | Reached XP level 6. HP: 51/53 MP: 5/5
  3549 | D:4      | Found a staircase to the Ecumenical Temple.
  3558 | Temple   | Entered the Ecumenical Temple
  3628 | D:4      | Found a burning altar of Makhleb.
  3628 | D:4      | Noticed an Executioner
  3670 | D:4      | Found a hazy altar of Hepliaklqana.
  3678 | D:4      | Became a worshipper of Hepliaklqana the Forgotten
  3879 | D:4      | Reached skill level 1 in Evocations
  4031 | D:4      | Found a shimmering altar of Xom.
  4109 | D:5      | Entered Level 5 of the Dungeon
  4122 | D:5      | Reached skill level 6 in Ranged Weapons
  4188 | D:5      | Reached skill level 5 in Fighting
  4199 | D:5      | Reached XP level 7. HP: 50/60 MP: 6/6
  5320 | D:5      | Reached skill level 5 in Armour
  5703 | D:6      | Found a runed translucent door.
  5703 | D:6      | Noticed a human
  5732 | D:6      | Found a basalt altar of Yredelemnul.
  5764 | D:6      | Reached XP level 8. HP: 62/70 MP: 7/7
  5806 | D:6      | Identified the +7 dagger of Inference {pain, rElec rF-
                  | rCorr Str+3}
  5836 | D:6      | Found Zin's Purification Station.
  5836 | D:6      | Found a glowing silver altar of Zin.
  5958 | D:6      | Reached * piety under Hepliaklqana
  6039 | D:6      | Reached skill level 7 in Ranged Weapons
  6674 | D:7      | Noticed Menkaure
  6680 | D:7      | Killed Menkaure
  6681 | D:7      | Reached skill level 8 in Ranged Weapons
  6887 | D:7      | Found a blossoming altar of Fedhas.
  6936 | D:7      | Reached XP level 9. HP: 45/73 MP: 8/8
  7083 | D:7      | Reached ** piety under Hepliaklqana
  7084 | D:7      | Remembered your ancestor Wolf as a knight
  7095 | D:7      | Found a runed translucent door.
  7096 | D:7      | Noticed Crazy Yiuf
  7101 | D:7      | Killed Crazy Yiuf
  7113 | D:7      | Identified the +2 hammer of the Geomancers {drain, rCorr
                  | Int+7 Dex+2 Stlth-}
  7158 | D:7      | Found an ancient bone altar of Kikubaaqudgha.
  7284 | D:7      | Reached skill level 9 in Ranged Weapons
  7930 | D:8      | Identified a scroll of acquirement
  7930 | D:8      | Acquired the amulet "Veof" {Reflect Str+5 SH+5 SInv}
  7978 | D:8      | Found an iron altar of Okawaru.
  8007 | D:8      | Found an ornate altar of the Wu Jian Council.
  8016 | D:8      | Reached skill level 10 in Fighting
  8016 | D:8      | Reached skill level 10 in Ranged Weapons
  8267 | D:8      | Reached *** piety under Hepliaklqana
  8447 | D:8      | Noticed a green ugly thing
  8455 | D:8      | Killed a green ugly thing
  8456 | D:8      | Reached skill level 11 in Ranged Weapons
  8456 | D:8      | Reached XP level 10. HP: 49/86 MP: 9/9
  8572 | D:8      | Noticed a two-headed ogre
  8579 | D:8      | Killed a two-headed ogre
  8582 | D:8      | Reached skill level 12 in Ranged Weapons
  9096 | D:9      | Reached XP level 11. HP: 88/96 MP: 10/10
  9129 | D:9      | Acquired a +6 longbow of freezing
  9148 | D:9      | Identified the +11 trident of Slime {drain, +Blink rN+
                  | Str+3 Stlth-}
  9174 | D:9      | Noticed a two-headed ogre
  9178 | D:9      | Killed a two-headed ogre
  9179 | D:9      | Reached skill level 13 in Ranged Weapons
  9187 | D:9      | Noticed a two-headed ogre
 10036 | D:9      | Found a staircase to the Lair.
 10104 | D:9      | Killed a two-headed ogre
 10203 | D:9      | Noticed a two-headed ogre
 10207 | D:9      | Killed a two-headed ogre
 10208 | D:9      | Reached skill level 14 in Ranged Weapons
 10424 | D:9      | Found a hide-covered altar of Uskayaw.
 10562 | D:10     | Entered Level 10 of the Dungeon
 10721 | D:10     | Found a staircase to the Orcish Mines.
 10841 | D:10     | Found a shadowy altar of Dithmenos.
 10872 | D:10     | Reached **** piety under Hepliaklqana
 11196 | D:10     | Noticed a brown ugly thing
 11198 | D:10     | Noticed a red ugly thing
 11199 | D:10     | Noticed a white ugly thing
 11202 | D:10     | Noticed a red ugly thing
 11205 | D:10     | Noticed a green ugly thing
 11289 | Lair:1   | Entered Level 1 of the Lair of Beasts
 11427 | Lair:1   | Reached XP level 12. HP: 98/106 MP: 11/11
 11447 | Lair:1   | Noticed a boulder beetle
 11520 | Lair:1   | Killed a boulder beetle
 11599 | Lair:1   | Reached skill level 15 in Ranged Weapons
 11832 | Lair:1   | Noticed Joseph
 11838 | Lair:1   | Killed Joseph
 11914 | Lair:1   | Noticed Urug
 11919 | Lair:1   | Killed Urug
 12068 | Lair:1   | Reached skill level 15 in Fighting
 12071 | Lair:1   | Reached ***** piety under Hepliaklqana
 12493 | Lair:2   | Reached skill level 16 in Ranged Weapons
 12595 | Lair:2   | Noticed Sonja
 12600 | Lair:2   | Killed Sonja
 12601 | Lair:2   | Reached skill level 10 in Armour
 13208 | Lair:2   | Found a staircase to the Shoals.
 13454 | Lair:3   | Reached XP level 13. HP: 114/115 MP: 12/12
 13456 | Lair:3   | Found a staircase to the Snake Pit.
 13489 | Lair:3   | Reached skill level 17 in Ranged Weapons
 13556 | Lair:3   | Noticed Amaemon
 13562 | Lair:3   | Killed Amaemon
 13662 | Lair:3   | Noticed Nergalle
 13670 | Lair:3   | Killed Nergalle
 14622 | Lair:4   | Found a viscous altar of Jiyva.
 14660 | Lair:4   | Found a staircase to the Slime Pits.
 14727 | Lair:4   | Reached skill level 18 in Ranged Weapons
 15182 | Lair:5   | Entered Level 5 of the Lair of Beasts
 15669 | Lair:5   | Reached skill level 19 in Ranged Weapons
 15819 | Lair:5   | Reached XP level 14. HP: 126/126 MP: 13/13
 15980 | Lair:5   | Reached ****** piety under Hepliaklqana
 17315 | D:10     | Reached skill level 20 in Ranged Weapons
 17405 | D:10     | Noticed a brown very ugly thing
 17415 | D:10     | Killed a brown very ugly thing
 17538 | Orc:1    | Entered Level 1 of the Orcish Mines
 17538 | Orc:1    | Found a bloodstained altar of Trog.
 17613 | Orc:2    | Entered Level 2 of the Orcish Mines
 17614 | Orc:2    | Found Mypo's Weapon Emporium.
 18276 | Orc:2    | Found a staircase to the Elven Halls.
 18792 | Orc:2    | Reached skill level 21 in Ranged Weapons
 18877 | Orc:2    | Found Ylomuw's Antique Armour Boutique.
 18879 | Orc:2    | Found Keatig's Jewellery Boutique.
 18902 | Orc:2    | Found Qifurreran's Distillery.
 18963 | Orc:2    | Found Buru's Antique Weapon Emporium.
 19046 | Orc:2    | Bought the +5 longbow of Tepriym {flame, +Blink rCorr SInv
                  | Stlth+} for 759 gold pieces
 19116 | D:11     | Found Zimnen's Antique Armour Emporium.
 19122 | D:11     | Bought a warped leather armour for 238 gold pieces
 19122 | D:11     | Identified the +1 leather armour of the Wild Haggis {rF+
                  | Int+5} (You bought it in a shop on level 11 of the Dungeon)
 19499 | D:11     | Noticed a storm dragon
 19512 | D:11     | Killed a storm dragon
 19513 | D:11     | Reached XP level 15. HP: 55/135 MP: 14/14
 19518 | D:11     | Reached skill level 1 in Invocations
 20570 | D:12     | Noticed Azrael
 20582 | D:12     | Killed Azrael
 20717 | D:12     | Found Hoyham's Weapon Boutique.
 21092 | D:13     | Reached skill level 5 in Dodging
 21092 | D:13     | Reached XP level 16. HP: 144/144 MP: 17/17
 21359 | D:13     | Reached skill level 22 in Ranged Weapons
 21400 | D:13     | Found a gate to the Vaults.
 22329 | D:14     | Noticed Frances
 22343 | D:14     | Killed Frances
 22774 | D:14     | Noticed Snorg
 22777 | D:14     | Killed Snorg
 23153 | D:14     | Noticed Lodul
 23162 | D:14     | Killed Lodul
 23270 | D:15     | Entered Level 15 of the Dungeon
 23394 | D:15     | Noticed Agnes
 23405 | D:14     | Killed Agnes
 24219 | D:15     | Found a transporter.
 24222 | D:15     | Noticed Huashrat's ghost (adept FoFi)
 24238 | D:15     | Found a transporter.
 24308 | D:15     | Reached skill level 23 in Ranged Weapons
 24359 | D:15     | Reached skill level 5 in Evocations
 24431 | D:15     | Found a staircase to the Depths.
 24473 | D:15     | Reached XP level 17. HP: 125/153 MP: 18/18
 24793 | D:15     | Upgraded the game from 0.30-a0-622-gddc90eaa04 to
                  | 0.30-a0-634-g8abc85282e
 25005 | Snake:1  | Entered Level 1 of the Snake Pit
 25125 | Snake:1  | Found a frozen archway.
 25159 | IceCv    | Entered an ice cave
 25574 | IceCv    | Found a viscous altar of Jiyva.
 25639 | IceCv    | Identified the amulet "Zokhavi" {Faith rC+}
 25831 | Snake:1  | Noticed Aizul
 25841 | Snake:1  | Killed Aizul
 25942 | Snake:1  | Noticed Donald
 25953 | Snake:1  | Killed Donald
 26367 | Snake:1  | Reached skill level 24 in Ranged Weapons
 26990 | Snake:2  | Identified the +6 shortbow "Ruteih Daan" {speed, Str+4
                  | Stlth+}
 27736 | Snake:2  | Noticed Saint Roka
 27758 | Snake:2  | Killed Saint Roka
 28730 | Snake:3  | Found a blossoming altar of Fedhas.
 29223 | Snake:4  | Entered Level 4 of the Snake Pit
 29292 | Snake:4  | Found an opulent altar of Gozag.
 29628 | Snake:4  | Reached skill level 25 in Ranged Weapons
 29757 | Snake:4  | Reached XP level 18. HP: 143/163 MP: 19/19
 30509 | Snake:4  | Got a serpentine rune of Zot
 30694 | Shoals:1 | Entered Level 1 of the Shoals
 30885 | Shoals:1 | Found Polinak's Assorted Antiques.
 32991 | Shoals:3 | Reached skill level 26 in Ranged Weapons
 33249 | Shoals:3 | Found Merunu's Jewellery Shop.
 33615 | Shoals:3 | Found Weaj's Island Escapes.
 33780 | Shoals:4 | Entered Level 4 of the Shoals
 34005 | Shoals:4 | Found a runed translucent gate.
 34006 | Shoals:4 | Found a runed translucent gate.
 34006 | Shoals:4 | Found an opulent altar of Gozag.
 34007 | Shoals:4 | Found a runed translucent gate.
 34331 | Shoals:4 | Found Vaasyzi's Assorted Antiques.
 34331 | Shoals:4 | Noticed purpskrrrp's ghost (adept MfGl)
 34810 | Shoals:4 | Identified the +10 short sword of Defence by Offence {vamp,
                  | rElec}
 35152 | Shoals:4 | Identified the +9 trident of Dust {drain, Contam rPois
                  | Will++ Stlth+}
 35267 | Shoals:4 | Reached XP level 19. HP: 173/173 MP: 20/20
 35842 | Shoals:4 | Got a barnacled rune of Zot
 36030 | Shoals:4 | Killed purpskrrrp's ghost
 36368 | Vaults:1 | Entered Level 1 of the Vaults
 37378 | Vaults:1 | Reached skill level 27 in Ranged Weapons
 38111 | Vaults:2 | Noticed Bai Suzhen
 38133 | Vaults:2 | Killed Bai Suzhen
 38174 | Vaults:2 | Noticed Mara
 38177 | Vaults:2 | Noticed Lobster4's illusion
 38472 | Vaults:2 | Noticed Lobster4's illusion
 38480 | Vaults:2 | Killed Mara
 38729 | Vaults:2 | You fall into a shaft and drop 2 floors!
 38945 | Vaults:4 | Identified the +10 rapier "Undertaker" {venom, Dex+2}
 39334 | Vaults:4 | Identified the +5 mace of the Wasp {heavy, rF+ Stlth+}
 39424 | Vaults:4 | Found Diarrac's Assorted Antiques.
 39481 | Vaults:4 | Found Moecec's Distillery.
 39500 | Vaults:4 | Reached skill level 15 in Armour
 39504 | Vaults:4 | Found Neol's Armour Emporium.
 39630 | Vaults:4 | Found Moybaodo's Antique Weapon Emporium.
 39802 | Vaults:4 | Reached XP level 20. HP: 185/185 MP: 21/21
 40533 | Vaults:3 | Found Oluf's Weapon Boutique.
 40533 | Vaults:3 | Found Soontib's Armour Boutique.
 40553 | Vaults:3 | Reached skill level 5 in Invocations
 40644 | Vaults:3 | Bought the +0 swamp dragon scales of Ucriewk {rElec rPois
                  | rF+ Regen+ SInv} for 1278 gold pieces
 40667 | Vaults:3 | Found Qekk's Weapon Boutique.
 41142 | Vaults:3 | Found a staircase to the Crypt.
 41561 | Vaults:3 | Reached skill level 10 in Dodging
 42018 | Vaults:2 | Found a runed translucent gate.
 42018 | Vaults:2 | Found a runed translucent gate.
 42019 | Vaults:2 | Found a runed translucent gate.
 42019 | Vaults:2 | Identified the +1 leather armour of Dishonour {rPois
                  | Slay+3}
 42019 | Vaults:2 | Identified the ring "Kuodeat" {rF+ MP+9 Dex+2 Stlth-}
 42022 | Vaults:2 | Noticed pigah's ghost (adept OpWn)
 43183 | D:15     | HP: 14/283 [Huashrat's ghost (12)]
 43184 | D:15     | Slain by a wolf spider

Illustrated notes

Levels and vault maps discovered:
D:1:      tarquinn_simple_flora_water_a, layout_rooms,
          nicolae_ecumenical_lake_church
D:2:      layout_basic, serial_rivers, chequers_serial_rivers_large_b,
          chequers_serial_rivers_micro_d, chequers_serial_rivers_micro_a,
          chequers_serial_rivers_micro_d
D:3:      layout_loops_cross, hangedman_ru_absence, mainiacjoe_overflow_swirl,
          nicolae_figureground_sparkle, uniq_terence
D:4:      minmay_recursive_quarters, layout_cave_pods, tgw_xom,
          mainiacjoe_overflow_surrounded_room, makhleb_altar_promises_db
D:5:      layout_basic, minmay_manual_monolith
D:6:      layout_gridville, zin_purify, dk_yredelemnul_ordeal,
          minmay_ogre_servants
D:7:      layout_rooms, lemuel_round_altar, fedhas_bush_and_centaur_altar,
          minmay_fractal_squares_diagonal_5, uniq_menkaure,
          uniq_crazy_yiuf_cottage
D:8:      layout_cave_pools, lemuel_tele_altar,
          mainiacjoe_overflow_cross_hatched, grunt_ogre_cave, grunt_potential
D:9:      layout_long_grid, mainiacjoe_overflow_small_starburst,
          minmay_lair_entry_grove, minmay_misc_feat_square,
          kennysheep_kite_vault
D:10:     cheibrodos_breeding_chamber, layout_long_grid,
          mainiacjoe_overflow_concentric_impassable, erik_orc_1
D:11:     layout_loops_corners, serial_shops, kennysheep_little_box,
          minivault_25_ag
D:12:     layout_roguey, serial_shops, nicolae_shop_bloodbath_and_beyond,
          kennysheep_potato, uniq_azrael
D:13:     layout_roguey, skrybe_vaults_entry_preservation
D:14:     layout_basic, hex_tiny, uniq_snorg, uniq_lodul, uniq_frances
D:15:     gammafunk_depths_entry_grave, layout_rooms,
          gammafunk_ghost_berserking_beasts, nicolae_lava_and_water,
          serial_demonic, serial_demonic_d, serial_demonic_a, serial_demonic_a,
          serial_demonic_g, serial_demonic_f, serial_demonic_g, uniq_agnes
Temple:   hellmonk_temple_rainy
Lair:1:   layout_regular_city, grunt_megastairs_4, serial_bayou_shore_a,
          serial_bayou_shore_b, uniq_urug, uniq_joseph
Lair:2:   layout_gridlike, elwin_shoals_entry_stream,
          nicolae_quartered_pool_little, ice2_lemuel, uniq_sonja
Lair:3:   layout_misc_corridors, minmay_snake_entry_guardpost_large,
          uniq_amaemon, uniq_nergalle
Lair:4:   layout_hall_layers, minmay_slime_entry_oklob_enclosed
Lair:5:   hangedman_lair_caniforms_friends, layout_small_grid,
          guppyfry_lair_end_dragon, st_stairs_3, pdpol_lair_neglected_garden
Shoals:1: cheibrodos_shoals_roost, layout_shoals, serial_shops, shop
Shoals:2: layout_shoals
Shoals:3: layout_shoals, serial_shops, shop_fountains, nicolae_island_escapes
Shoals:4: shoals_end_simple, layout_shoals, ebering_ghost_gozag
Snake:1:  layout_chambers, portal_ice_cave_entry_frozen_things, uniq_aizul,
          uniq_donald
Snake:2:  layout_cave_shapes, nicolae_snake_gridmaze_tees, uniq_saint_roka
Snake:3:  layout_gridlike, basic_altar, serial_bayou_pond_e,
          nicolae_integral_box
Snake:4:  minmay_snake_end_coiled, layout_onion_interference, basic_altar,
          nicolae_snake_coiling_death
Orc:1:    layout_caves, basic_altar
Orc:2:    hellmonk_orc_salted, layout_caves, serial_shops, nicolae_shop_trees,
          lightli_orcish_oven
Vaults:1: nicolae_vaults_stairing_the_circle, v_misc_1, grunt_vaults_funnel,
          vaults_room_large_hall, v_misc_5, nicolae_vaults_what_the_h,
          v_pattern_5, nicolae_vaults_angled_halls, v_misc_25,
          nicolae_vaults_asterisk, vaults_dpeg_encased_lava,
          layout_vaults_omnigrid
Vaults:2: gammafunk_ghost_split, v_misc_5, vaults_dpeg_emergency_exit,
          nicolae_vaults_network_periphery, grunt_vaults_swirl,
          ontoclasm_vaults_hangar, nicolae_vaults_ring_of_whatevers,
          vaults_room_ringed_pool, v_misc_13, vaults_dpeg_ring,
          grunt_vaults_hallway_long, nicolae_vaults_puzzle_piece,
          nicolae_vaults_little_squares_4, vaults_mumra_lcd,
          vaults_standard_mumra_x, vaults_dpeg_cross, v_misc_10,
          layout_vaults_omnicross, uniq_bai_suzhen, uniq_mara
Vaults:3: vaults_room_boxed, hangedman_vaults_hard_town_square,
          minmay_crypt_entry_simple_round, hangedman_vaults_slice,
          vaults_room_grid, v_misc_18, vaults_room_semicircle,
          layout_vaults_big_room
Vaults:4: nicolae_vaults_alarming, st_more_cells, v_misc_11, vaults_room_pool,
          v_pattern_4, vaults_room_pools, nicolae_vaults_little_squares_3,
          ontoclasm_vaults_shuriken, nicolae_vaults_theta,
          dpeg_vaults_monster_row, vaults_room_grunt_arrival_checkpoint,
          vaults_room_pool, ontoclasm_vaults_twist, layout_vaults_omnibox,
          serial_shops, nicolae_shop_waterfront, nicolae_shop_advertising_works
          [nicolae_subvault_shop_adworks], shop_fountains, shop

Skill      XL: |  1  2  3  4  5  6  7  8  9 10 11 12 13 14 15 16 17 18 19 20 |
---------------+-------------------------------------------------------------+-----
Stealth        | 1 |  1.0
Armour         | 1 2 3 4 5 6 8 10 13 15 17 | 17.1
Fighting       | 3 4 5 6 8 11 13 14 15 17 18 19 20 21 22 23 25 | 25.0
Dodging        | 3 5 6 8 10 | 10.0
Ranged Weapons | 5 6 8 11 12 14 16 19 21 23 25 26 27 | 27.0
Polearms       | 1 2 |  2.0
Evocations     | 1 2 3 5 |  5.0
Invocations    | 2 3 5 |  5.0

Action                   |  1- 3 |  4- 6 |  7- 9 | 10-12 | 13-15 | 16-18 | 19-21 || total
-------------------------+-------+-------+-------+-------+-------+-------+-------++-------
Melee: Short sword       |       |       |       |       |       |       |     3 ||     3
 Fire: Shortbow          |    68 |   276 |   379 |    90 |       |  1240 |   140 ||  2193
       Longbow           |       |       |       |   365 |   776 |   609 |   773 ||  2523
Invok: Recall Ancestor   |       |       |     2 |       |       |     2 |     3 ||     7
       Ancestor Life: Kn |       |       |     1 |       |       |       |       ||     1
       Idealise          |       |       |       |       |       |       |     1 ||     1
Evoke: Phantom mirror    |       |       |       |       |       |     1 |       ||     1
       Wand              |       |       |       |       |       |     2 |       ||     2
  Use: Scroll            |       |     4 |     5 |    12 |    15 |     6 |     5 ||    47
       Potion            |       |     1 |       |       |     5 |     1 |     4 ||    11
Armor: Leather armour    |     4 |    15 |       |       |       |       |       ||    19
       Ring mail         |       |     2 |     1 |       |       |       |       ||     3
       Scale mail        |       |    32 |    98 |    59 |    24 |    83 |    56 ||   352
       Swamp dragon scal |       |       |       |       |       |       |    34 ||    34
Dodge: Dodged            |     8 |   122 |   141 |    72 |    41 |   129 |   124 ||   637
Block: Other             |       |       |     3 |    34 |    27 |    38 |    33 ||   135
       Reflection        |       |       |     1 |     4 |     4 |     8 |     8 ||    25

Table legend: (Time is in decaauts)
 A = Elapsed time spent in this place.
 B = Non-inter-level travel time spent in this place.
 C = Inter-level travel time spent in this place.
 D = Time resting spent in this place.
 E = Time spent auto-exploring this place.
 F = Levels seen in this place.
 G = Mean time per level.
                   A        B        C        D        E       F      G
               +--------+--------+--------+--------+--------+-----+--------+
         Total |  42334 |  38789 |   3545 |   6976 |  24532 |  36 | 1175.9 |
       Dungeon |  18336 |  16190 |   2146 |   2814 |  10222 |  15 | 1222.4 |
        Temple |     23 |     12 |     11 |      0 |      9 |   1 |   23.0 |
          Lair |   5999 |   5339 |    660 |    669 |   3618 |   5 | 1199.8 |
        Shoals |   5129 |   4880 |    249 |   1343 |   2678 |   4 | 1282.2 |
     Snake Pit |   4752 |   4601 |    151 |    476 |   3407 |   4 | 1188.0 |
  Orcish Mines |   1480 |   1435 |     45 |    228 |    911 |   2 |  740.0 |
        Vaults |   6081 |   5800 |    281 |   1285 |   3629 |   4 | 1520.2 |
      Ice Cave |    531 |    531 |      0 |    160 |     57 |   1 |  531.0 |
               +--------+--------+--------+--------+--------+-----+--------+

Top non-repeatable levels by time:
Shoals:4: 1969 daAuts
     D:9: 1786 daAuts
     D:4: 1760 daAuts
Vaults:2: 1726 daAuts
  Lair:5: 1605 daAuts
    D:14: 1591 daAuts
Vaults:1: 1588 daAuts
Vaults:4: 1575 daAuts
     D:2: 1487 daAuts
 Snake:1: 1369 daAuts
  Lair:1: 1354 daAuts
     D:3: 1338 daAuts
     D:7: 1284 daAuts
 Snake:4: 1208 daAuts
    D:11: 1207 daAuts
